 Dungeon Crawl Stone Soup version 0.29-a0-563-g64e4043184 (webtiles) character file.

Game seed: 8855467011260702284

2 spaghetti the Ruffian (level 1, 0/14 HPs)
             Began as a Tengu Berserker on June 12, 2022.
             Was a Follower of Trog.
             Slain by a kobold
             ... wielding a +0 short sword
              (4 damage)
             ... on level 1 of the Dungeon.
             The game lasted 00:00:20 (165 turns).

spaghetti the Ruffian (Tengu Berserker)              Turns: 165, Time: 00:00:21

Health: 0/14       AC:  2    Str: 17    XL:     1   Next: 30%
Magic:  2/2        EV: 12    Int:  7    God:    Trog [*.....]
Gold:   18         SH:  0    Dex: 13    Spells: 0/0 levels left

rFire   . . .      SeeInvis .     - Unarmed
rCold   . . .      Faith    .   (no shield)
rNeg    . . .      Spirit   .   a - +0 animal skin
rPois   .          Reflect  .   (helmet restricted)
rElec   .          Harm     .   (no cloak)
rCorr   .          Rampage  .   (no gloves)
Will    .....                   (boots unavailable)
Stlth   +.........              (no amulet)
HPRegen 0.04/turn               (no ring)
MPRegen 0.08/turn               (no ring)

@: no status effects
A: beak, talons 3
a: Renounce Religion, Berserk


You were on level 1 of the Dungeon.
You worshipped Trog.
Trog was aware of your devotion.
You visited 1 branch of the dungeon, and saw 1 of its levels.

You collected 18 gold pieces.


Innate Abilities, Weirdness & Mutations

You have a beak for a mouth.
You have claws for feet.


   Skills:
 + Level 3.0 Fighting
 + Level 2.2 Armour
 + Level 2.2 Dodging
 + Level 3.3 Unarmed Combat


You couldn't memorise any spells.
You didn't know any spells.
Your spell library was empty.

Inventory:

Armour
 a - a +0 animal skin (worn)
Scrolls
 c - a scroll of noise {unknown}
 d - a scroll of identify {unknown}
Potions
 b - a potion of curing {unknown}
 e - a potion of flight {unknown}

Dungeon Overview and Level Annotations

Branches:
Dungeon (1/15)

Altars:

##......##
##........##
#..........#
#..........#
#..........#
#..........##
#...rK..?....
#..@......#
##.^......##
#..........#
#..........#
#..........#
#....).....#
#..........##
##..........#
##.......#.##


You could see a quokka and a kobold.


Message History

You are too injured to fight recklessly!
You are too injured to fight recklessly!
You are too injured to fight recklessly!
You are too injured to fight recklessly!
You are too injured to fight recklessly!
You are too injured to fight recklessly!
You are too injured to fight recklessly!
You are too injured to fight recklessly!
You are too injured to fight recklessly!
You are too injured to fight recklessly!
You are too injured to fight recklessly!
You are too injured to fight recklessly!
You are too injured to fight recklessly!
You are too injured to fight recklessly!
You are too injured to fight recklessly!
You are too injured to fight recklessly!
You completely miss the bat. Your kick misses the bat.
The bat hits you. 😕 HP[-1]
You take 1 damage, and now have 12/14 hp.
The bat barely misses you.
You closely miss the bat. Your kick misses the bat. The bat closely misses you.
The bat hits you but does no damage. The bat closely misses you.
The bat hits you but does no damage.
You barely miss the bat. The bat hits you. The bat barely misses you. 😕 HP[-1]
You take 1 damage, and now have 11/14 hp.
The bat barely misses you.
You hit the bat. Your kick misses the bat. Your peck misses the bat.
The bat closely misses you. The bat hits you but does no damage.
You closely miss the bat. Your kick misses the bat.
The bat barely misses you. 😕 HP[+1]
You closely miss the bat. Your kick misses the bat.
You peck the bat, but do no damage. The bat closely misses you.
The bat barely misses you.
You are too injured to fight recklessly!
You are too injured to fight recklessly!
You are too injured to fight recklessly!
The bat misses you.
You closely miss the bat. You claw the bat, but do no damage.
The bat hits you but does no damage.
You hit the bat. The bat hits you but does no damage. x2
You hit the bat.
You kill the bat!
Trog accepts your kill.
c - a scroll labelled HIGGETO FETUC 😎 HP[+2]
Your hp is fully restored (14).
d - a scroll labelled ZAATSILIUMN A frilled lizard comes into view.
The frilled lizard hisses angrily.
A frilled lizard is nearby!
A frilled lizard is nearby!
The frilled lizard bites you but does no damage.
You closely miss the frilled lizard. The frilled lizard misses you.
You hit the frilled lizard but do no damage.
Your kick misses the frilled lizard. The frilled lizard closely misses you.
You hit the frilled lizard.
The frilled lizard completely misses you.
You closely miss the frilled lizard. The frilled lizard bites you. 😕 HP[-2]
You take 2 damage, and now have 12/14 hp.
You are too injured to fight recklessly!
You are too injured to fight recklessly!
You are too injured to fight recklessly!
You are too injured to fight recklessly!
You are too injured to fight recklessly!
You are too injured to fight recklessly!
You are too injured to fight recklessly!
A frilled lizard is nearby!
A frilled lizard is nearby!
A frilled lizard is nearby!
You hit the frilled lizard.
You kill the frilled lizard!
Trog accepts your kill.
You see here a frilled lizard corpse.
Key pressed, stopping explore.
e - a sapphire potion 😎 HP[+2]
Your hp is fully restored (14).
You see here a +0 whip {mace}.
You now have 18 gold pieces.
A quokka comes into view.
A quokka is nearby!
A kobold comes into view. It is wielding a +0 short sword.
The kobold shouts!
The kobold throws a stone.
The stone barely misses you.
You hit the quokka. Your kick misses the quokka. Your peck misses the quokka.
The quokka bites you but does no damage.
You barely miss the quokka.
The kobold hits you with a +0 short sword.
The quokka bites you.
* * * LOW HITPOINT WARNING * * *
You are too injured to fight recklessly! 😨 HP[-10]
You take 10 damage, and now have 4/14 hp.
MASSIVE DAMAGE!! (PAUSE)
You closely miss the quokka. Your peck misses the quokka.
The kobold hits you with a +0 short sword.
You die...

Action                   || total
-------------------------++-------
Melee: Unarmed           ||    19
       Kick              ||     2
       Peck              ||     1
Armor: Animal skin       ||    10
Dodge: Dodged            ||    19

Levels and vault maps discovered:
D:1:      eino_arrival_water_cross, layout_rooms,
          shapermc_ecumenical_altar_mp_urbaneastern

Notes
Turn   | Place    | Note
-------+----------+-------------------------------------------
     0 | D:1      | spaghetti the Tengu Berserker began the quest for the Orb.
     0 | D:1      | Reached XP level 1. HP: 14/14 MP: 2/2
     0 | D:1      | magus.rc [v1.9.6]
   165 | D:1      | Slain by a kobold

Vanquished Creatures
  A bat (D:1)
  A frilled lizard (D:1)
2 creatures vanquished.

Table legend:
 A = Non-vault XP
 B = Vault XP
 C = Vault XP percentage of total XP
 D = Non-vault monster count
 E = Vault monster count
 F = Vault count percentage of total count
                 A         B        C        D         E       F
            +---------+---------+-------+---------+---------+-------
      Total |       3 |       0 |   0.0 |       2 |       0 |   0.0
            +---------+---------+-------+---------+---------+-------
        D:1 |       3 |       0 |   0.0 |       2 |       0 |   0.0
            +---------+---------+-------+---------+---------+-------

Illustrated notes

Table legend:
 A = Kills in this place as a percentage of kills in entire the game.
 B = Kills by you in this place as a percentage of kills by you in the entire game.
 C = Kills by friends in this place as a percentage of kills by friends in the entire game.
 D = Other kills in this place as a percentage of other kills in the entire game.
 E = Experience gained in this place as a percentage of experience gained in the entire game.
 F = Experience gained in this place divided by the number of levels of this place that you have seen.
                   A       B       C       D       E      F
               +-------+-------+-------+-------+-------+----------------------
         Total | 100.0 | 100.0 |   N/A |   N/A | 100.0 |   3.0
       Dungeon | 100.0 | 100.0 |   N/A |   N/A | 100.0 |   3.0
               +-------+-------+-------+-------+-------+----------------------

Table legend: (Time is in decaauts)
 A = Elapsed time spent in this place.
 B = Non-inter-level travel time spent in this place.
 C = Inter-level travel time spent in this place.
 D = Time resting spent in this place.
 E = Time spent auto-exploring this place.
 F = Levels seen in this place.
 G = Mean time per level.
                   A        B        C        D        E       F      G
               +--------+--------+--------+--------+--------+-----+--------+
         Total |    163 |    163 |      0 |      0 |    119 |   1 |  163.0 |
       Dungeon |    163 |    163 |      0 |      0 |    119 |   1 |  163.0 |
               +--------+--------+--------+--------+--------+-----+--------+

Top non-repeatable levels by time:
     D:1: 163 daAuts
